AoeStats
← 雾海上的漫游者

Arabia

507682713Analyzed
1v1 RM · 14d ago on Sep 19, 2026· 41m 26s· 2 players
Game mode
Random Map
Map size
Tiny (2 player)
Population
200
Speed
Normal
Resources
Standard
Victory
Conquest
Starting age
Dark Age
Ending age
Imperial Age
RankedLock teamsTeams togetherTeam positionsShared explorationLock speedFull tech treeHidden civsTurbo modeCheats
Victory
Defeat
🇪🇸 Byzantines · Spain
984
+16
🇨🇳 Mongols · China
975
-16
雾海上的漫游者
4:50 Loom
9:41 Feudal Age
12:06 Man-at-Arms
26:41 Castle Age
28:09 Double-Bit Axe
28:10 Horse Collar
30:47 Fletching
33:48 Wheelbarrow
34:10 Husbandry
34:56 Scale Barding Armor
37:21 Gold Mining
37:58 Crossbowman
38:50 Town Watch
39:07 Fletching
40:03 Padded Archer Armor
41:15 Thumb Ring
Chorizo Iberico
2:36 Loom
11:38 Feudal Age
14:01 Wheelbarrow
16:44 Double-Bit Axe
16:43 Horse Collar
17:19 Fletching
25:27 Padded Archer Armor
26:43 Gold Mining
30:12 Castle Age
28:54 Forging
30:27 Scale Barding Armor
30:18 Crossbowman
31:35 Bodkin Arrow
32:56 Bow Saw
33:19 Heavy Plow
37:05 Chain Barding Armor
36:48 Husbandry
39:50 Imperial Age
40:00 Iron Casting
41:55 Ballistics
Connection lost

Rejoining the realm…

Still unreachable

The connection could not be restored.

Session expired

The server has moved on; the page needs a fresh start.